 Dungeon Crawl Stone Soup version 0.29-a0-802-g34511f41fd (webtiles) character file.

Game seed: 15621147049996888824

67 purpskrrrp the Sneak (level 4, -4/39 HPs)
             Began as a Naga Brigand on July 3, 2022.
             Killed by divine providence
             ... invoked by an orc priest
              (12 damage)
             ... on level 4 of the Dungeon.
             The game lasted 00:08:15 (4076 turns).

purpskrrrp the Sneak (Naga Brigand)                 Turns: 4076, Time: 00:08:15

Health: -4/39      AC: 11    Str: 15    XL:     4   Next: 18%
Magic:  4/4        EV:  9    Int: 11    God:
Gold:   119        SH:  0    Dex: 13    Spells: 3/3 levels left

rFire   . . .      SeeInvis +   p - +2 dagger (protect)
rCold   . . .      Faith    .   (no shield)
rNeg    . . .      Spirit   .   b - +0 robe
rPois   +          Reflect  .   (no helmet)
rElec   .          Harm     .   c - +0 cloak
rCorr   .          Rampage  .   t - +0 pair of gloves
Will    .....                   (no barding)
Stlth   ++++......              (no amulet)
HPRegen 0.13/turn               k - ring of flight
MPRegen 0.09/turn               n - ring of wizardry

@: under a protective aura, flying, very slow
A: AC +1, large, see invisible, deformed body, poison resistance, slowness 2,
spit poison 1, naga tail 1
a: Spit Poison


You were on level 4 of the Dungeon.
You visited 1 branch of the dungeon, and saw 4 of its levels.

You collected 119 gold pieces.

Inventory:

Hand Weapons
 a - a +2 dagger
 f - a +1 spear
 p - a +2 dagger of protection (weapon)
Missiles
 d - 25 poisoned darts
 e - 3 curare-tipped darts
Armour
 b - a +0 robe (worn)
 c - a +0 cloak (worn)
 t - a +0 pair of gloves (worn)
Jewellery
 k - a ring of flight (left hand)
 n - a ring of wizardry (right hand)
Scrolls
 h - 2 scrolls of teleportation
 o - a scroll of blinking
Potions
 g - a potion of attraction
 j - a potion of resistance
 l - 2 potions of curing
 m - a potion of degeneration {unknown}
 s - a potion of cancellation {unknown}


   Skills:
 + Level 2.1 Fighting
 + Level 2.0 Short Blades
 + Level 1.4 Polearms
 + Level 1.7 Throwing
 - Level 0.7 Dodging
 * Level 7.8 Stealth


You had 3 spell levels left.
You didn't know any spells.
Your spell library contained the following spells:

 Spells                   Type           Power      Damage    Failure   Level
 Shock                    Conj/Air       0%         1d3       14%         1
 Slow                     Hex            0%         N/A       14%         1
 Static Discharge         Conj/Air       0%         3-3/arc   21%         2
 Confusing Touch          Hex            0%         N/A       38%         3
 Swiftness                Air            0%         N/A       38%         3
 Vampiric Draining        Necr           0%         2d6       38%         3
 Airstrike                Air            0%         0-1+      77%         4
 Lightning Bolt           Conj/Air       0%         1d11      98%         5
 Maxwell's Capacitive Co  Air            0%         ∞         100%        8


Dungeon Overview and Level Annotations

Branches:
Dungeon (4/15)
 Temple: D:4-7

Altars:


Innate Abilities, Weirdness & Mutations

Your serpentine skin is tough. (AC +1)
You have supernaturally acute eyesight. (SInv)
Armour fits poorly on your strangely shaped body.
Your system is resistant to poisons. (rPois)
You cover ground very slowly.
You can spit poison.
You have a snake-like lower body.


Message History

You hit the orc priest.
The orc priest is heavily wounded.
The orc priest barely misses you.
You hit the orc priest but do no damage.
The orc priest is heavily wounded.
The orc priest barely misses you.
You closely miss the orc priest.
The orc priest is heavily wounded.
The orc priest hits you but does no damage.
You closely miss the orc priest.
The orc priest is heavily wounded.
The orc priest closely misses you.
You closely miss the orc priest.
The orc priest is heavily wounded.
The orc priest hits you with a +0 flail.
* * * LOW HITPOINT WARNING * * *
You hit the orc priest but do no damage.
The orc priest is heavily wounded.
You hit the orc priest but do no damage.
You punch the orc priest, but do no damage.
The orc priest is heavily wounded.
The orc priest barely misses you.
You closely miss the orc priest.
The orc priest is heavily wounded.
The orc priest closely misses you.
You hit the orc priest but do no damage.
The orc priest is heavily wounded.
The orc priest closely misses you.
You hit the orc priest.
The orc priest is severely wounded.
The orc priest invokes the aid of Beogh against you.
You struggle to resist.
You closely miss the orc priest.
The orc priest is severely wounded.
The orc priest barely misses you.
You closely miss the orc priest.
The orc priest is severely wounded.
The orc priest invokes the aid of Beogh against you.
Beogh smites you!
You die...

#.........#
#.#########
#.# #.# #.#
#.# #.#
#.##########
#.......@o.#
##########.#
#


You could see an orc priest.

Vanquished Creatures
  A worm (D:2)
  A dart slug (D:1)
  3 orcs
  5 ball pythons
  3 bats
  5 endoplasms
  6 giant cockroaches
  7 goblins
  7 hobgoblins
  6 kobolds
  2 quokkas (D:2)
  3 frilled lizards
  2 rats (D:1)
51 creatures vanquished.

Vanquished Creatures (others)
  3 fungi (D:1)
  4 plants
7 creatures vanquished.

Grand Total: 58 creatures vanquished

Notes
Turn   | Place    | Note
-------+----------+-------------------------------------------
     0 | D:1      | purpskrrrp the Naga Brigand began the quest for the Orb.
     0 | D:1      | Reached XP level 1. HP: 19/19 MP: 1/1
    44 | D:1      | Reached skill level 6 in Stealth
   141 | D:1      | Reached XP level 2. HP: 26/26 MP: 2/2
   344 | D:1      | Reached skill level 7 in Stealth
   644 | D:1      | Found a faded altar of an unknown god.
   749 | D:1      | Reached XP level 3. HP: 30/32 MP: 3/3
  1544 | D:1      | You are sucked into a shaft and drop 1 floor!
  1709 | D:2      | Reached skill level 1 in Polearms
  3060 | D:3      | Reached XP level 4. HP: 37/39 MP: 4/4
  4076 | D:4      | Killed from afar by an orc priest

Illustrated notes

Levels and vault maps discovered:
D:1:      mrwooster_arrival_arrow, layout_basic,
          dreamdust_ecumenical_altar_grove, minmay_misc_feat_columns,
          nrook_mini_vaults, minmay_unequal
D:2:      layout_loops_ring, serial_forest, infiniplex_forest_clump_long,
          infiniplex_forest_lined_corner, infiniplex_forest_clump_long,
          infiniplex_forest_end_double, infiniplex_forest_clump_small,
          infiniplex_forest_corner_1
D:3:      layout_basic, chequers_jeans
D:4:      layout_basic, mainiacjoe_overflow_paths, uniq_pikel

Skill      XL: |  1  2  3 |
---------------+----------+-----
Stealth        | 6 7 |  7.8
Polearms       | 1 |  1.4
Fighting       | |  2.1
Short Blades   | |  2.0
Throwing       | |  1.7
Dodging        | |  0.7

Action                   |  1- 3 |  4- 6 || total
-------------------------+-------+-------++-------
Melee: Spear             |   130 |       ||   130
       Dagger            |    17 |    48 ||    65
       Punch             |     2 |     1 ||     3
 Abil: Spit Poison       |     2 |       ||     2
  Use: Scroll            |     7 |     4 ||    11
 Stab: Sleeping          |    17 |     3 ||    20
Armor: Robe              |    28 |    11 ||    39
Dodge: Dodged            |    36 |    24 ||    60

Table legend: (Time is in decaauts)
 A = Elapsed time spent in this place.
 B = Non-inter-level travel time spent in this place.
 C = Inter-level travel time spent in this place.
 D = Time resting spent in this place.
 E = Time spent auto-exploring this place.
 F = Levels seen in this place.
 G = Mean time per level.
                   A        B        C        D        E       F      G
               +--------+--------+--------+--------+--------+-----+--------+
         Total |   5109 |   4877 |    232 |    399 |   3895 |   4 | 1277.2 |
       Dungeon |   5109 |   4877 |    232 |    399 |   3895 |   4 | 1277.2 |
               +--------+--------+--------+--------+--------+-----+--------+

Top non-repeatable levels by time:
     D:1: 1888 daAuts
     D:2: 1775 daAuts
     D:3: 1363 daAuts
     D:4: 82 daAuts
